 Dungeon Crawl Stone Soup version 0.19-a0-1732-g0b18a7b (webtiles) character file.

88 Amnesiac the Cudgeler (level 4, -2/49 HPs)
             Began as an Ogre Monk on Sept 30, 2016.
             Was an Initiate of Gozag.
             Slain by an orc priest
             ... wielding a +1 short sword of speed
              (3 damage)
             ... on level 3 of the Dungeon.
             The game lasted 00:02:14 (1481 turns).

Amnesiac the Cudgeler (Ogre Monk)                   Turns: 1481, Time: 00:02:15

Health: -2/49      AC:  3    Str: 16    XL:     4   Next: 53%
Magic:  4/4        EV: 16    Int:  9    God:    Gozag
Gold:   82         SH:  4    Dex: 18    Spells: 0 memorised, 3 levels left

rFire  + . .     SeeInvis .     a - +0 mace
rCold  + . .     Gourm    .     b - +0 robe
rNeg   . . .     Faith    .     (no shield)
rPois  +         Spirit   .     (helmet restricted)
rElec  +         Dismiss  .     (no cloak)
rCorr  +         Reflect  +     (gloves unavailable)
MR     .....     Harm     .     (boots unavailable)
Stlth  +++.......               p - +4 amulet of reflection
                                (no ring)
                                (no ring)

@: agile, resistant, gold aura, very slightly contaminated, hasted, very quick
A: unfitting armour, tough skin 1
a: Potion Petition, Call Merchant, Bribe Branch, Renounce Religion


You were on level 3 of the Dungeon.
You worshipped Gozag.
Gozag was noncommittal.
You were not hungry.

You visited 1 branch of the dungeon, and saw 3 of its levels.

You collected 82 gold pieces.

Inventory:

Hand Weapons
 a - a +0 mace (weapon)
Armour
 b - a +0 robe (worn)
Jewellery
 g - an uncursed amulet of the gourmand
 p - a +4 amulet of reflection (around neck)
Scrolls
 f - a scroll of remove curse {unknown}
 h - a scroll of enchant armour {unknown}
 i - a scroll of recharging {unknown}
 o - a scroll of random uselessness {unknown}
Potions
 d - 5 potions of lignification {unknown}
 e - a potion of might {unknown}
 j - a potion of resistance {unknown}
 k - a potion of curing {unknown}
 m - 2 potions of cancellation {unknown}
Comestibles
 c - 2 bread rations
 l - a meat ration
 n - 2 chunks of flesh


   Skills:
 + Level 4.7 Fighting
 * Level 5.7 Maces & Flails
 + Level 3.2 Dodging
 - Level 1.5 Stealth


You had 3 spell levels left.
You didn't know any spells.

Dungeon Overview and Level Annotations

Branches:
Dungeon (3/15)

Altars:
Dithmenos
Gozag
Trog

Annotations:
D:3 Amnesiac's ghost, amateur OgMo


Innate Abilities, Weirdness & Mutations

You are too large for most types of armour.
You have tough skin. (AC +1)


Message History

You are too injured to fight recklessly!
Unknown command.
You hit the orc priest but do no damage.
The orc priest is lightly wounded.
The goblin completely misses you. The orc priest misses you.
Unknown command.
You hit the goblin.
You kill the goblin!
Unknown command.
You completely miss the orc priest.
The orc priest is lightly wounded.
The orc priest invokes the aid of Beogh against you.
Beogh smites you!
* * * LOW HITPOINT WARNING * * *
Unknown command.
You barely miss the orc priest.
The orc priest is lightly wounded.
The orc priest hits you with a short sword of speed.
You die...
Your body crumbles into a pile of gold.

###### ### .....#$
..# .....# ###.#
.....# #...#
.....# #.#.##
.....#
##.##<###?....#
##.o.##[....#
##..@..###...#
#.#...$...#......#
#....._........###
###.......#......
##.....##....!..
##...##........?
##.## .###.....
#[. ###


You could see an orc priest.

Vanquished Creatures
  An orc wizard (D:2)
  Robin (D:1)
  An adder (D:2)
  A worm (D:3)
  A dart slug (D:2)
  An orc (D:3)
  A ball python (D:2)
  A giant cockroach (D:3)
  12 goblins
  2 hobgoblins
  A quokka (D:2)
  3 bats
  A frilled lizard (D:1)
  4 kobolds
  4 rats (D:3)
35 creatures vanquished.

Notes
Turn   | Place    | Note
-------+----------+-------------------------------------------
     0 | D:1      | Amnesiac the Ogre Monk began the quest for the Orb.
     0 | D:1      | Reached XP level 1. HP: 24/24 MP: 1/1
   121 | D:2      | Noticed Robin
   177 | D:1      | Reached XP level 2. HP: 26/32 MP: 2/2
   318 | D:1      | Killed Robin
   318 | D:1      | Reached XP level 3. HP: 13/40 MP: 3/3
   775 | D:3      | Noticed a moth of wrath
   778 | D:3      | Found a bloodstained altar of Trog.
   785 | D:3      | Reached skill level 5 in Maces & Flails
  1001 | D:3      | Noticed Amnesiac's ghost (amateur OgMo)
  1060 | D:2      | Found a shadowy altar of Dithmenos.
  1350 | D:3      | Reached XP level 4. HP: 49/49 MP: 4/4
  1455 | D:3      | Found an opulent altar of Gozag.
  1467 | D:3      | Became a worshipper of Gozag Ym Sagoz the Greedy
  1480 | D:3      | HP: 1/49 [orc priest/divine providence (12)]
  1481 | D:3      | Slain by an orc priest

Vault maps used:
D:1:      minmay_arrival_stair_chambers
D:2:      lemuel_doored_altar, first_bread, uniq_robin
D:3:      gammafunk_temple_overflow_elements, lemuel_round_altar, tgw_trog

Skill      XL: |  1  2  3 |
---------------+----------+-----
Dodging        | 3 |  3.2
Maces & Flails | 5 |  5.7
Fighting       | |  4.7
Stealth        | |  1.5

Action                   |  1- 3 |  4- 6 || total
-------------------------+-------+-------++-------
Melee: Mace              |   107 |    20 ||   127
Invok: Potion Petition   |       |     1 ||     1
  Eat: Chunk             |     2 |       ||     2
Armor: Robe              |    39 |     1 ||    40
Dodge: Dodged            |    91 |     5 ||    96
Block: Other             |     4 |     2 ||     6
